 Dungeon Crawl Stone Soup version 0.29.1 (webtiles) character file.

Game seed: 4246654635347602584

14564 groovy9 the Marksminotaur (level 11, -2/82 HPs)
             Began as a Minotaur Hunter on Sept 15, 2022.
             Was a Believer of Hepliaklqana.
             Slain by a black mamba (12 damage)
             ... on level 1 of the Lair of Beasts.
             The game lasted 00:29:29 (10480 turns).

groovy9 the Marksminotaur (Minotaur Hunter)        Turns: 10480, Time: 00:29:29

Health: -2/82      AC: 16    Str: 16    XL:     11   Next: 90%
Magic:  12/12      EV: 30    Int:  6    God:    Hepliaklqana [**....]
Gold:   870        SH:  0    Dex: 24    Spells: 8/10 levels left

rFire   + . .      SeeInvis +   h - +0 arbalest (freeze)
rCold   . . .      Faith    .   (shield currently unavailable)
rNeg    . . .      Spirit   .   k - +4 ring mail of the Kraken {rF+}
rPois   .          Reflect  .   F - +2 hat
rElec   .          Harm     .   z - +2 cloak
rCorr   .          Rampage  .   (no gloves)
Will    .....                   H - +0 pair of boots
Stlth   +.........              y - amulet of the acrobat
HPRegen 0.23/turn               r - +6 ring of dexterity
MPRegen 0.13/turn               s - ring of see invisible

@: acrobatic
A: reduced essence, horns 2, retaliatory headbutt
a: Renounce Religion, Recall Ancestor, Ancestor Identity


You were on level 1 of the Lair of Beasts.
You worshipped Hepliaklqana.
Hepliaklqana was pleased with you.
You visited 3 branches of the dungeon, and saw 12 of its levels.

You collected 870 gold pieces.

Inventory:

Hand Weapons
 h - a +0 arbalest of freezing (weapon)
Missiles
 w - a throwing net
Armour
 k - the +4 ring mail of the Kraken (worn) {rF+}
   (You found it on level 4 of the Dungeon)

   rF:        It protects you from fire.
 z - a +2 cloak (worn)
 F - a +2 hat (worn)
 H - a +0 pair of boots (worn)
Jewellery
 r - a +6 ring of dexterity (left hand)
 s - a ring of see invisible (right hand)
 u - a ring of flight
 y - an amulet of the acrobat (around neck)
Wands
 n - a wand of flame (11)
 v - a wand of roots (11)
 A - a wand of polymorph (9)
 G - a wand of charming (8)
 I - a wand of digging (7)
Scrolls
 a - a scroll of torment {unknown}
 b - 3 scrolls of immolation
 g - 5 scrolls of fog
 i - 7 scrolls of teleportation
 m - a scroll of amnesia
 o - 2 scrolls of magic mapping
 t - a scroll of noise
 B - 2 scrolls of identify
Potions
 c - a potion of mutation
 d - 3 potions of lignification
 e - 2 potions of invisibility
 f - 2 potions of heal wounds
 j - 9 potions of curing
 l - 3 potions of flight
 p - 2 potions of attraction
 q - 2 potions of degeneration
 E - a potion of berserk rage
Miscellaneous
 C - a phial of floods
 D - a condenser vane


   Skills:
 + Level 7.0 Fighting
 - Level 16.7 Ranged Weapons
 + Level 6.0 Armour
 + Level 6.4 Dodging
 - Level 0.7 Stealth
 * Level 4.9 Transmutations
 + Level 3.9 Invocations
 - Level 2.1 Evocations


You had 8 spell levels left.
You knew the following spells:

 Your Spells              Type           Power      Damage    Failure   Level
a - Wereblood             Tmut           5%         N/A       17%         2

Your spell library contained the following spells:

 Spells                   Type           Power      Damage    Failure   Level
 Beastly Appendage        Tmut           10%        N/A       12%         1
 Spider Form              Tmut/Pois      2%         N/A       67%         3
 Dazzling Flash           Conj/Hex       0%         N/A       95%         3
 Gell's Gravitas          Tloc           0%         N/A       95%         3
 Lesser Beckoning         Tloc           0%         N/A       95%         3
 Teleport Other           Tloc           0%         N/A       95%         3
 Petrify                  Tmut/Erth      2%         N/A       97%         4
 Corpse Rot               Necr/Pois/Air  0%         N/A       100%        4
 Dispel Undead            Necr           0%         3d6       100%        4
 Iskenderun's Mystic Bla  Conj/Tloc      0%         2d3       100%        4
 Leda's Liquefaction      Hex/Erth       0%         N/A       100%        4
 Agony                    Necr           0%         N/A       100%        5
 Lee's Rapid Deconstruct  Erth           0%         3d5*      100%        5
 Metabolic Englaciation   Hex/Ice        0%         N/A       100%        5
 Silence                  Hex/Air        0%         N/A       100%        5
 Death Channel            Necr           0%         N/A       100%        6
 Starburst                Conj/Fire      0%         6d3       100%        6
 Statue Form              Tmut/Erth      1%         N/A       100%        6
 Chain Lightning          Conj/Air       0%         N/A       100%        9
 Fire Storm               Conj/Fire      0%         5d1       100%        9
 Shatter                  Erth           0%         3d5*      100%        9


Dungeon Overview and Level Annotations

Branches:
Dungeon (10/15)            Temple (1/1) D:7            Lair (1/5) D:9
    Orc: D:9-12

Altars:
Ashenzari
Cheibriados
Dithmenos
Elyvilon
Fedhas
Gozag
Hepliaklqana
Kikubaaqudgha
Makhleb
Nemelex Xobeh
Okawaru
Qazlal
Ru
Sif Muna
Trog
Uskayaw
Vehumet
Wu Jian
Xom
Yredelemnul
Zin
The Shining One

Shops:
D:7 *   D:9 *

Annotations:
Lair:1 3 runed translucent doors, Lremus's ghost, novice HOFi


Innate Abilities, Weirdness & Mutations

Your life essence is reduced to manifest your ancestor. (-10% HP)
You have a pair of horns on your head.
You reflexively headbutt those who attack you in melee.


Message History

Press: ? - help, Q - select action, (/) - cycle Shift-Dir - straight line, f/p - black mamba
Aim: a black mamba (heavily wounded, ally target, 57% to hit)
You shoot a bolt.
The bolt closely misses the black mamba.
The black mamba bites you but does no damage.
Zippy misses the basilisk.
The black mamba bites you but does no damage.
Fire: h) +0 arbalest (freeze)
Press: ? - help, Q - select action, (/) - cycle Shift-Dir - straight line, f/p - black mamba
Aim: a black mamba (heavily wounded, ally target, 57% to hit)
You shoot a bolt.
The bolt hits the black mamba but does no damage.
The black mamba is heavily wounded.
The black mamba bites you but does no damage.
The black mamba closely misses you. You furiously retaliate!
You headbutt the black mamba.
As you read the scroll of teleportation, it crumbles to dust.
You feel strangely unstable. The black mamba bites you!
* * * LOW HITPOINT WARNING * * *
The black mamba bites you but does no damage.
The polar bear bites you but does no damage.
The polar bear barely misses you.
The polar bear claws you but does no damage.
The polar bear attacks as you move away!
The polar bear closely misses you. The polar bear misses you.
The polar bear claws you but does no damage.
The black mamba barely misses you. The basilisk gazes at you.
You resist with some effort.
Zippy hits the basilisk with a +0 flail!
The water moccasin hisses angrily.
The black mamba bites you!
* * * LOW HITPOINT WARNING * * *
The black mamba attacks as you move away!
The black mamba barely misses you.
Your surroundings seem slightly different.
The cane toad gives a loud, deep croak!
The black mamba attacks as you move away!
The black mamba bites you!
You die...

#..#.....#.#..#.####
#..###.##H.#..### ##.#
#.S.#S#..# #
#.##.}FH.##..#######.##
####.#..#S#..#...#........
#....#########........#
#..#...........P##.##.#
#.#.........######.##.#
#.###....@#.#.####.#..## #
#.....S.............#
###.#h#.#.#..##....###.
#............##†.......
#...l...#....#...#.P.#.
#..R......#.)##..P.####
#..##~[.#.#..##........
#..###..#.#..###.#.####
#..# #..#.#..# #.#.#


You could see the friendly Zippy the knight, a minotaur (wandering), a polar
bear, a black mamba (ally target), a cane toad, a basilisk and 2 water
moccasins.

Vanquished Creatures
  The ghost of miserystealer the Chopper, a journeyman DjFE of Makhleb (D:10)
  A two-headed ogre (D:10)
  Pikel (D:8)
  A cyclops (D:9)
  5 elephants (Lair:1)
  3 spectral centaurs (D:10)
  A black mamba (Lair:1)
  A centaur zombie (D:10)
  Joseph (D:7)
  A cane toad (Lair:1)
  2 komodo dragons (Lair:1)
  A hornet (D:10)
  2 centaur simulacra (D:10)
  3 wyverns
  Sigmund (D:4)
  A wraith (D:10)
  11 yaks (Lair:1)
  2 steam dragons
  Grum (D:8)
  Menkaure (D:7)
  3 water moccasins
  An acid dragon (D:8)
  4 orc warriors
  An ice beast (D:6)
  A sky beast (D:7)
  4 centaurs
  4 wolves (D:8)
  7 bullfrogs
  A kobold brigand (D:10)
  2 lemures (D:8)
  3 scorpions (D:5)
  3 wights (D:8)
  4 killer bees
  5 howler monkeys
  3 orc priests
  A hound (D:4)
  3 jellies
  2 gnoll boudas
  3 iguanas
  11 orc wizards
  Robin (D:4)
  6 adders
  10 gnolls
  2 white imps
  A worm (D:3)
  2 dart slugs
  40 orcs
  10 ball pythons
  10 bats
  6 endoplasms
  2 giant cockroaches
  17 goblins
  6 hobgoblins
  5 jackals
  19 kobolds
  2 quokkas
  3 frilled lizards
  5 rats
254 creatures vanquished.

Vanquished Creatures (collateral kills)
  An elephant (Lair:1)
  A hornet (Lair:1)
  A dream sheep (Lair:1)
  A yak (Lair:1)
  A kobold brigand (D:10)
  A killer bee (D:9)
  3 kobolds (D:10)
9 creatures vanquished.

Vanquished Creatures (others)
  An ancestor (D:9)
  2 knights
  2 fungi (Lair:1)
  2 plants (Lair:1)
7 creatures vanquished.

Grand Total: 270 creatures vanquished

Notes
Turn   | Place    | Note
-------+----------+-------------------------------------------
     0 | D:1      | groovy9 the Minotaur Hunter began the quest for the Orb.
     0 | D:1      | Reached XP level 1. HP: 18/18 MP: 0/0
   139 | D:1      | Reached XP level 2. HP: 25/25 MP: 1/1
   529 | D:1      | Reached skill level 5 in Ranged Weapons
   671 | D:2      | Reached XP level 3. HP: 30/30 MP: 2/2
  1165 | D:2      | Reached XP level 4. HP: 38/38 MP: 3/3
  2757 | D:4      | Reached skill level 6 in Ranged Weapons
  2761 | D:4      | Identified the +4 ring mail of the Kraken {rF+}
  2780 | D:4      | Reached XP level 5. HP: 45/45 MP: 4/4
  2811 | D:4      | Noticed Robin
  2828 | D:4      | Killed Robin
  3285 | D:4      | Noticed Sigmund
  3291 | D:4      | Killed Sigmund
  3292 | D:4      | Reached skill level 7 in Ranged Weapons
  3292 | D:4      | Reached XP level 6. HP: 40/51 MP: 5/5
  3565 | D:5      | Entered Level 5 of the Dungeon
  3761 | D:5      | Reached skill level 8 in Ranged Weapons
  3798 | D:5      | Found a bloodstained altar of Trog.
  4012 | D:5      | Reached XP level 7. HP: 57/57 MP: 6/6
  4021 | D:5      | Reached skill level 9 in Ranged Weapons
  4526 | D:6      | Reached skill level 10 in Ranged Weapons
  4839 | D:6      | Reached XP level 8. HP: 63/63 MP: 7/7
  4903 | D:6      | Found a shimmering altar of Xom.
  5093 | D:6      | Reached skill level 11 in Ranged Weapons
  5192 | D:7      | Found Hoobresm's Overcharged Wands.
  5404 | D:7      | Noticed Joseph
  5824 | D:7      | Killed Joseph
  5825 | D:7      | Reached skill level 12 in Ranged Weapons
  5972 | D:7      | Found a glowing silver altar of Zin.
  5994 | D:7      | Found a sparkling altar of Nemelex Xobeh.
  6001 | D:7      | Noticed Menkaure
  6004 | D:7      | Killed Menkaure
  6032 | D:7      | Found an iron altar of Okawaru.
  6124 | D:7      | Found a staircase to the Ecumenical Temple.
  6133 | Temple   | Entered the Ecumenical Temple
  6304 | Temple   | Became a worshipper of Hepliaklqana the Forgotten
  6354 | D:7      | Found a basalt altar of Yredelemnul.
  6373 | D:7      | Found a glowing golden altar of the Shining One.
  6421 | D:7      | Reached skill level 13 in Ranged Weapons
  6430 | D:7      | Reached XP level 9. HP: 70/70 MP: 8/8
  6765 | D:8      | Found a hide-covered altar of Uskayaw.
  6813 | D:8      | Noticed Pikel
  7188 | D:8      | Reached skill level 14 in Ranged Weapons
  7218 | D:8      | Killed Pikel
  7414 | D:8      | Reached skill level 15 in Ranged Weapons
  7421 | D:8      | Noticed Grum
  7436 | D:8      | HP: 1/70 [wolf[Grum] (6)]
  7439 | D:8      | Killed Grum
  7440 | D:8      | Reached XP level 10. HP: 23/77 MP: 9/9
  7921 | D:9      | Reached skill level 16 in Ranged Weapons
  8041 | D:9      | Reached * piety under Hepliaklqana
  8144 | D:9      | Found a staircase to the Lair.
  8187 | D:9      | Found an opulent altar of Gozag.
  8188 | D:9      | Found Gozag's Platinum Reserve.
  8359 | D:9      | Found a stormy altar of Qazlal.
  8470 | D:9      | Noticed a cyclops
  8476 | D:9      | Killed a cyclops
  8477 | D:9      | Reached skill level 1 in Armour
  8535 | D:9      | Reached skill level 1 in Evocations
  8885 | D:10     | Entered Level 10 of the Dungeon
  8885 | D:10     | Noticed a two-headed ogre
  8888 | D:10     | Killed a two-headed ogre
  9207 | D:10     | Identified the amulet "Logyhow" {RegenMP Str+4}
  9425 | D:10     | Learned a level 2 spell: Wereblood
  9436 | D:10     | Reached ** piety under Hepliaklqana
  9437 | D:10     | Remembered your ancestor Zippy as a knight
  9452 | D:10     | Found a runed translucent gate.
  9452 | D:10     | Found a runed translucent gate.
  9452 | D:10     | Found a runed translucent gate.
  9453 | D:10     | Noticed a spectral centaur warrior
  9453 | D:10     | Noticed miserystealer's ghost (journeyman DjFE)
  9453 | D:10     | Noticed a spectral centaur warrior
  9454 | D:10     | Noticed a spectral centaur warrior
  9872 | D:10     | Reached skill level 5 in Fighting
  9872 | D:10     | Reached skill level 1 in Transmutations
  9883 | D:10     | Killed miserystealer's ghost
  9884 | D:10     | Reached skill level 1 in Invocations
  9884 | D:10     | Reached XP level 11. HP: 77/77 MP: 10/10
  9894 | D:10     | Reached skill level 5 in Dodging
 10018 | Lair:1   | Entered Level 1 of the Lair of Beasts
 10196 | Lair:1   | Reached skill level 5 in Armour
 10265 | Lair:1   | Found a runed translucent gate.
 10268 | Lair:1   | Noticed a minotaur
 10280 | Lair:1   | Found a runed translucent gate.
 10280 | Lair:1   | Found a runed translucent gate.
 10302 | Lair:1   | Noticed Lremus's ghost (novice HOFi)
 10480 | Lair:1   | Slain by a black mamba

Illustrated notes

Levels and vault maps discovered:
D:1:      minmay_arrival_arboretum_small, layout_basic
D:2:      layout_basic
D:3:      layout_basic, grunt_ministairs_7
D:4:      layout_basic, uniq_robin, uniq_sigmund
D:5:      layout_basic, trog_book, minmay_crystal_room
D:6:      layout_rooms, tgw_xom, minivault_5
D:7:      layout_gridville, lemuel_tele_altar, okawaru_ov_weapons_minmay,
          mainiacjoe_overflow_catch_the_wave, amcnicky_altar_gilded,
          minmay_temple_entry_antechambers, nicolae_shop_overcharged_wands,
          uniq_joseph, uniq_menkaure
D:8:      layout_rooms, mainiacjoe_overflow_cross_hatched, minivault_24,
          minmay_diced_spiral, uniq_grum, uniq_pikel
D:9:      layout_long_grid, nicolae_gozag_zags_fifth_avenue,
          mainiacjoe_overflow_alcove_4, lair_entry_dummy,
          nicolae_concentric_dashed_squares_wild
D:10:     layout_rooms, gammafunk_ghost_necromancy
Temple:   hellmonk_temple_forest_ring
Lair:1:   layout_loops_ring, maelrawn_ghost_gauntlet_escape,
          hangedman_lair_generics_rect

Skill      XL: |  1  2  3  4  5  6  7  8  9 10 11 |
---------------+----------------------------------+-----
Ranged Weapons | 5 6 7 8 10 13 15 16 | 16.7
Fighting       | 3 5 7 |  7.0
Dodging        | 3 4 6 |  6.4
Armour         | 3 6 |  6.0
Evocations     | 2 |  2.1
Transmutations | 1 4 |  4.9
Invocations    | 1 3 |  3.9
Stealth        | |  0.7

Action                   |  1- 3 |  4- 6 |  7- 9 | 10-12 || total
-------------------------+-------+-------+-------+-------++-------
 Fire: Shortbow          |    34 |       |       |       ||    34
       Arbalest          |    67 |   128 |   221 |   209 ||   625
Invok: Recall Ancestor   |       |       |       |     1 ||     1
       Ancestor Life: Kn |       |       |       |     1 ||     1
       Ancestor Identity |       |       |       |     1 ||     1
  Use: Scroll            |     2 |     7 |     9 |     4 ||    22
       Potion            |       |       |     3 |     2 ||     5
Armor: Leather armour    |    25 |     9 |       |       ||    34
       Ring mail         |       |    18 |    37 |    55 ||   110
Dodge: Dodged            |    35 |    51 |    69 |    62 ||   217
